 Dungeon Crawl Stone Soup version 0.29.1-2-gbd0b4ee654 (webtiles) character file.

Game seed: 6901490649325423728

238 zeram the Shield-Bearer (level 6, -4/37 HPs)
             Began as a Gargoyle Fighter on Nov 22, 2022.
             Slain by an orc
             ... wielding a +0 short sword
              (6 damage)
             ... on level 3 of the Dungeon.
             The game lasted 00:08:03 (2889 turns).

zeram the Shield-Bearer (Gargoyle Fighter)          Turns: 2889, Time: 00:08:05

Health: -4/37      AC:  0    Str: 22    XL:     6   Next: 7%
Magic:  6/6        EV: 18    Int:  8    God:
Gold:   58         SH:  5    Dex: 14    Spells: 5/5 levels left

rFire   . . .      SeeInvis .   (weapon currently unavailable)
rCold   . . .      Faith    .   (shield currently unavailable)
rNeg    + . .      Spirit   .   (body armour currently unavailable)
rPois   ∞          Reflect  +   (helmet currently unavailable)
rElec   .          Harm     .   (cloak currently unavailable)
rCorr   .          Rampage  .   (gloves currently unavailable)
Will    .....                   (boots currently unavailable)
Stlth   +.........              g - amulet of reflection
HPRegen 0.12/turn               (ring currently unavailable)
MPRegen 0.10/turn               (ring currently unavailable)

@: bat-form, flying, very quick
A: fast, flying, no casting, sickness immunity, AC +4, tiny, negative energy
resistance 1, (electricity resistance), torment resistance 1, petrification
resistance
a: no special abilities


You were on level 3 of the Dungeon.
You were a bat.
You visited 1 branch of the dungeon, and saw 3 of its levels.

You collected 58 gold pieces.

Inventory:

Hand Weapons
 a - a +0 flail (melded)
Armour
 b - a +0 scale mail (melded)
 c - a +0 buckler (melded)
 e - a +1 cloak (melded)
Jewellery
 g - an amulet of reflection (around neck)
Wands
 f - a wand of polymorph (1)
Potions
 d - 2 potions of might
 h - 3 potions of resistance {unknown}


   Skills:
 - Level 3.2 Fighting
 + Level 4.0 Maces & Flails
 + Level 4.5 Armour
 + Level 1.3 Dodging
 + Level 4.6 Shields


You had 5 spell levels left.
You didn't know any spells.
Your spell library contained the following spells:

 Spells                   Type           Power      Damage    Failure   Level
 Apportation              Tloc           0%         N/A       41%         1
 Magic Dart               Conj           0%         1d3       41%         1
 Necrotise                Necr           0%         1d4       41%         1
 Sting                    Tmut/Pois      0%         1d3       41%         1
 Summon Small Mammal      Summ           0%         N/A       41%         1
 Call Imp                 Summ           0%         N/A       54%         2
 Mephitic Cloud           Conj/Pois/Air  0%         N/A       78%         3


Dungeon Overview and Level Annotations

Branches:
Dungeon (3/15)

Altars:
Xom

Annotations:
D:3 Terence


Innate Abilities, Weirdness & Mutations

You are a bat.
You are tiny and dextrous.
You move quickly.
You are flying.
Your equipment is almost entirely melded.
You are incapable of wielding weapons or throwing items.
You cannot cast spells.
You are immune to sickness and miasma.
((Your stone body is resilient. (AC +4)))
You are immune to poison.
You resist negative energy. (rN+)
((You are resistant to electric shocks. (rElec)))
You are resistant to unholy torment.
You are immune to petrification.


Message History

You barely miss the orc.
The orc is heavily wounded.
You block Terence's attack.
Terence zaps a wand.
You resist with some effort.
Unknown command.
You hit Terence but do no damage.
Terence zaps a wand.
You turn into a bat.
Your +0 flail melds into your body.
Your +1 cloak melds into your body.
Your +0 buckler melds into your body.
Your +0 scale mail melds into your body.
The orc hits you with a +0 short sword.
You barely miss something. Terence closely misses you.
You hear some strange, mumbled words.
A puff of flame appears from out of thin air!
The puff of flame hits you! The orc misses you.
You aren't carrying any scrolls.
Found a robe and 2 scrolls labelled GILANI PARUNI.
An ogre comes into view. It is wielding a +0 giant club.
A hobgoblin comes into view.
The ogre completely misses you.
You hit the orc.
The orc is heavily wounded.
The orc barely misses you.
You barely miss the orc.
The orc is heavily wounded.
The ogre completely misses you.
You hit the orc.
The orc is almost dead.
Terence says, "Rest in peace."
You hit Terence but do no damage. Terence closely misses you.
You block the orc's attack. The ogre misses you.
You hit Terence but do no damage. You block Terence's attack.
Something barely misses you. The orc hits you with a +0 short sword.
* * * LOW HITPOINT WARNING * * *
The ogre misses you.
You closely miss something.
You hear some strange, mumbled words.
A magic dart appears from out of thin air!
The magic dart hits you!
* * * LOW HITPOINT WARNING * * *
The orc hits you with a +0 short sword.
You die...

..........#.##.#
##..###.......#
##.........####
#.........#...#
#.......###.#.#
#...........# #
#o...##......
#{@.......[..
#bo......##..
#.O.........?
#...#......
#...#......
#...##....g
##### ....


You could see an ogre, Terence and 2 orcs.

Vanquished Creatures
  A fire bat (D:2)
  Robin (D:2)
  An adder (D:2)
  2 worms (D:2)
  2 dart slugs
  6 ball pythons
  5 bats
  3 endoplasms
  A giant cockroach (D:2)
  13 goblins
  5 hobgoblins
  7 jackals
  3 kobolds
  4 quokkas
  4 frilled lizards
  2 rats
60 creatures vanquished.

Notes
Turn   | Place    | Note
-------+----------+-------------------------------------------
     0 | D:1      | zeram the Gargoyle Fighter began the quest for the Orb.
     0 | D:1      | Reached XP level 1. HP: 14/14 MP: 1/1
   118 | D:1      | Reached XP level 2. HP: 4/19 MP: 2/2
   779 | D:1      | Reached XP level 3. HP: 23/23 MP: 3/3
  1368 | D:2      | Noticed Robin
  1431 | D:2      | Noticed Sigmund
  1702 | D:2      | Reached XP level 4. HP: 28/28 MP: 4/4
  1726 | D:2      | Noticed Sigmund
  1870 | D:2      | Killed Sigmund the fire bat
  1871 | D:2      | Reached skill level 1 in Dodging
  1871 | D:2      | Reached XP level 5. HP: 28/32 MP: 5/5
  2107 | D:2      | Killed Robin
  2114 | D:2      | Found a faded altar of an unknown god.
  2120 | D:2      | Got Plato's Compendium of Impurities
  2139 | D:2      | Found a shimmering altar of Xom.
  2676 | D:2      | Reached XP level 6. HP: 37/37 MP: 6/6
  2860 | D:3      | Noticed Terence
  2889 | D:3      | Slain by an orc

Illustrated notes

Levels and vault maps discovered:
D:1:      minmay_arrival_doors, layout_basic, chequers_serial_rivers_micro_a
D:2:      layout_loops_cross, shapermc_ecumenical_altar_rom_forum, basic_altar,
          uniq_sigmund, uniq_robin
D:3:      layout_basic, grunt_ministairs_13, uniq_terence

Skill      XL: |  1  2  3  4  5  6 |
---------------+-------------------+-----
Armour         | 4 |  4.5
Shields        | 4 |  4.6
Maces & Flails | 3 4 |  4.0
Dodging        | 1 |  1.3
Fighting       | |  3.2

Action                   |  1- 3 |  4- 6 || total
-------------------------+-------+-------++-------
Melee: Flail             |   138 |    67 ||   205
       Unarmed           |       |     7 ||     7
  Use: Scroll            |     2 |     3 ||     5
Armor: Scale mail        |   101 |    38 ||   139
       Skin              |     1 |    28 ||    29
Dodge: Dodged            |    84 |    41 ||   125
Block: Buckler           |    60 |    46 ||   106
       Reflection        |     1 |       ||     1
       Other             |       |     2 ||     2
